 Dungeon Sprint DCSS version 0.23.0 (webtiles) character file.

Game seed: 11153020702647161264

58 Kairos the Shield-Bearer (level 4, -5/39 HPs)
             Began as a Formicid Fighter on Feb 12, 2019.
             Drowned by a water elemental (6 damage)
             ... in the Dungeon (Sprint III: "The Ten Rune Challenge").
             The game lasted 00:01:02 (116 turns).

Kairos the Shield-Bearer (Formicid Fighter)          Turns: 116, Time: 00:01:03

Health: -5/39      AC:  7    Str: 27    XL:     4   Next: 20%
Magic:  4/4        EV:  9    Int:  7    God:
Gold:   0          SH: 11    Dex: 10    Spells: 3/3 levels left

rFire    . . .     SeeInvis +   a - +0 quarterstaff
rCold    . . .     Gourm    .   c - +0 shield
rNeg     . . .     Faith    .   b - +0 scale mail
rPois    .         Spirit   .   (helmet unavailable)
rElec    .         Reflect  .   (no cloak)
rCorr    .         Harm     .   (no gloves)
MR       .....                  (no boots)
Stlth    ..........             (no amulet)
HPRegen  0.13/turn              (no ring)
MPRegen  0.09/turn              (no ring)

@: mighty, engulfed (cannot breathe)
A: permanent stasis, dig shafts and tunnels, four strong arms, antennae 3
a: Dig


You were in the Dungeon.
You were not hungry.

You visited 1 branch

Inventory:

Hand Weapons
 a - a +0 quarterstaff (weapon)
 l - a +2 dagger of speed
Armour
 b - a +0 scale mail (worn)
 c - a +0 shield (worn)
Scrolls
 k - a scroll of blinking
Potions
 e - a potion of curing
 g - a potion of heal wounds
 h - a potion of haste
 i - 2 potions of magic
 j - a potion of berserk rage
Comestibles
 f - a ration
 m - 5 chunks of flesh


   Skills:
 + Level 5.4 Fighting
 + Level 3.2 Staves
 + Level 5.6 Armour
 + Level 5.9 Shields


You had 3 spell levels left.
You didn't know any spells.
Your spell library was empty.

Dungeon Overview and Level Annotations

Branches:
Dungeon (1/1)

Altars:


Innate Abilities, Weirdness & Mutations

You cannot be hasted, slowed, berserked, paralysed or teleported.
You can dig through walls and to a lower floor.
Your four strong arms can wield two-handed weapons with a shield.
You have a pair of large antennae on your head. (SInv)


Message History

The water elemental is moderately damaged.
You block the water elemental's attack.
You completely miss the water elemental.
The water elemental is moderately damaged.
The water elemental hits you!
You hit the water elemental.
The water elemental is heavily damaged.
The water elemental hits you!
The water elemental engulfs you in water!
The water elemental hits you!
* * * LOW HITPOINT WARNING * * *
You are too injured to fight recklessly!
Unknown command.
You feel very mighty all of a sudden.
* * * LOW HITPOINT WARNING * * *
Your lungs strain for air!
The water elemental closely misses you.
You sock the water elemental!
The water elemental is severely damaged.
You die...

▓▓▓▓▓▓▓▓ ▓▓▓ <..#[..####
##.# ...#......## #..#
..##..[....# #..#{
##.##.##...# #..###+#+#
##.##.###..# +#..#......
#.####.##..# #...E.⌠....
.###..##.†####..@#...###
#.....##..###....# ⌠.#
###..##...##.....# .#
##..##....#......# #
#..###..##.#.....# {{
#(.# #..#####....# ▓▓▓▓
▓▓▓▓ ▓▓▓▓▓▓ { {{ { {


You could see a water elemental.

Vanquished Creatures
  Jessica (D)
  A human (D)
  2 oozes (D)
  A phantom (D)
  A rat (D)
6 creatures vanquished.

Vanquished Creatures (others)
  A hydra (D)
  4 hellions (D)
  4 plants (D)
9 creatures vanquished.

Grand Total: 15 creatures vanquished

Notes
Turn   | Place    | Note
-------+----------+-------------------------------------------
     0 | D        | Kairos the Formicid Fighter began the quest for the Orb.
     0 | D        | Reached XP level 1. HP: 18/18 MP: 1/1
    17 | D        | Reached XP level 2. HP: 25/25 MP: 2/2
    27 | D        | Noticed Jessica
    33 | D        | Killed Jessica
    33 | D        | Reached skill level 5 in Fighting
    33 | D        | Reached skill level 5 in Armour
    33 | D        | Reached skill level 5 in Shields
    33 | D        | Reached XP level 3. HP: 27/33 MP: 3/3
    81 | D        | Reached XP level 4. HP: 36/39 MP: 4/4
    83 | D        | Killed a hellion
    85 | D        | Killed a hellion
   104 | D        | Killed a hellion
   105 | D        | Killed a hellion
   109 | D        | Noticed a water elemental
   109 | D        | Killed an eight-headed hydra
   115 | D        | HP: 1/39 [drowned by a water elemental (5)]
   116 | D        | Drowned by a water elemental

Skill      XL: |  1  2  3 |
---------------+----------+-----
Shields        | 4 5 |  5.9
Fighting       | 4 5 |  5.4
Armour         | 4 5 |  5.6
Staves         | 3 |  3.2

Action                   |  1- 3 |  4- 6 || total
-------------------------+-------+-------++-------
Melee: Quarterstaff      |    17 |     8 ||    25
  Use: Potion            |       |     1 ||     1
Armor: Scale mail        |     4 |     1 ||     5
Dodge: Dodged            |     3 |     2 ||     5
Block: Shield            |     6 |     3 ||     9
